[Event "Titled Tuesday Blitz October 11 Late 2022"]
[White "Rustemov, Alexander"]
[Black "Pert, Richard G"]
[WhiteFideId "4119002"]
[BlackFideId "404748"]
[WhiteElo "2865"]
[BlackElo "2441"]
[Result "1-0"]
[Round "08"]
[TimeControl "180+1"]
[Date "2022.10.11"]
[WhiteClock "0:00:19"]
[BlackClock "0:00:01"]

1. d4 d5 2. c4 e6 3. Nc3 c5 4. cxd5 cxd4 5. Qxd4 Nc6 6. Qd1 exd5 7. Qxd5 Qc7 8. Nf3 Nf6 9. Qd1 Bf5 10. e3 Rd8 11. Qa4 a6 12. Be2 Bd6 13. O-O O-O 14. Rd1 Nb4 15. Nd4 Bd7 16. Qb3 Bxh2+ 17. Kf1 Bd6 18. Bd2 Nc6 19. Nxc6 Bxc6 20. Be1 Qe7 21. Qc4 Ne4 22. Nxe4 Bxe4 23. f3 Bc6 24. e4 Bb5 25. Qc2 Bxe2+ 26. Qxe2 Qe5 27. g3 Bc5 28. Kg2 Ba7 29. Bc3 Qc5 30. f4 f5 31. e5 Rfe8 32. Qf3 Qb6 33. Rxd8 Rxd8 34. Rd1 Rxd1 35. Qxd1 Qf2+ 36. Kh3 h6 37. Qd3 Qg1 38. Qf3 g5 39. fxg5 hxg5 40. Qxf5 Qh1+ 41. Kg4 Be3 42. Qg6+ Kf8 43. Bb4+ 1-0


[Site "https://www.chess.com"]

[Event "Titled Tuesday Blitz October 11 Late 2022"]
[White "Sanchez, Robert"]
[Black "Sabar, Ethmane Daouda"]
[WhiteFideId "2034360"]
[BlackFideId "19600097"]
[WhiteElo "2412"]
[BlackElo "1950"]
[Result "0-1"]
[Round "08"]
[TimeControl "180+1"]
[Date "2022.10.12"]
[WhiteClock "0:00:43"]
[BlackClock "0:00:55"]

1. e4 e5 2. Nf3 Nc6 3. Bb5 f5 4. d3 fxe4 5. dxe4 Nf6 6. O-O Be7 7. Bc4 h6 8. Nc3 d6 9. h3 Na5 10. Qd3 Nxc4 11. Qxc4 Qd7 12. Rd1 Bd8 13. Nxe5 Qe6 14. Qxe6+ Bxe6 15. Nf3 O-O 16. Be3 Nd7 17. Nd4 Bf7 18. f4 a6 19. a4 Nc5 20. b4 Nd7 21. Nf3 Nf6 22. e5 dxe5 23. Nxe5 Be6 24. Bc5 Re8 25. b5 axb5 26. Nxb5 Nh5 27. Nd3 Bc4 28. Rf1 Re2 29. g4 Nf6 30. Rf2 Rxf2 31. Kxf2 Bxb5 0-1


[Site "https://www.chess.com"]

[Event "Titled Tuesday Blitz October 11 Late 2022"]
[White "Sarana, Alexey"]
[Black "Girel, Joseph"]
[WhiteFideId "24133795"]
[BlackFideId "36033561"]
[WhiteElo "2689"]
[BlackElo "2281"]
[Result "1/2-1/2"]
[Round "08"]
[TimeControl "180+1"]
[Date "2022.10.11"]
[WhiteClock "0:00:07"]
[BlackClock "0:00:04"]

1. c4 e5 2. Nc3 Bb4 3. Nd5 Be7 4. Nf3 d6 5. d4 e4 6. Nd2 f5 7. e3 Nf6 8. Nf4 O-O 9. h4 c5 10. Nb3 Nc6 11. Be2 Kh8 12. Bd2 cxd4 13. Nxd4 Nxd4 14. exd4 d5 15. c5 Ng4 16. g3 Bf6 17. Bxg4 fxg4 18. Be3 b6 19. b4 bxc5 20. bxc5 Ba6 21. Qa4 Bc4 22. Rb1 Qe7 23. Kd2 Rfb8 24. h5 Bg5 25. Qc6 Bxf4 26. Bxf4 e3+ 27. fxe3 Qe4 28. Rxb8+ Rxb8 29. Bxb8 Qd3+ 30. Kc1 Qxe3+ 31. Kb1 Qd3+ 32. Kc1 Qe3+ 33. Kc2 Qd3+ 34. Kc1 Qc3+ 35. Kd1 Qxd4+ 36. Kc1 Qe3+ 37. Kd1 Qd3+ 38. Kc1 Qc3+ 39. Kd1 Qd4+ 40. Kc1 Qe3+ 41. Kd1 Qd3+ 42. Kc1 Qe3+ 1/2-1/2


[Site "https://www.chess.com"]

[Event "Titled Tuesday Blitz October 11 Late 2022"]
[White "Sarkar, Justin"]
[Black "Zaloznyy, Mike"]
[WhiteFideId "2010011"]
[BlackFideId "2023075"]
[WhiteElo "2250"]
[BlackElo "2126"]
[Result "1-0"]
[Round "08"]
[TimeControl "180+1"]
[Date "2022.10.12"]
[WhiteClock "0:00:02"]
[BlackClock "0:00:03"]

1. e4 d6 2. d4 Nf6 3. Nc3 e5 4. Nf3 Nbd7 5. Bc4 Be7 6. O-O c6 7. a4 Qc7 8. Qe2 h6 9. Rd1 O-O 10. Nh4 Re8 11. dxe5 Nxe5 12. Bb3 Bg4 13. f3 Be6 14. Nf5 Bf8 15. g4 d5 16. Bf4 Bxf5 17. gxf5 Bd6 18. Kh1 dxe4 19. fxe4 Rad8 20. Qg2 Neg4 21. Rxd6 Rxd6 22. Qg3 Red8 23. e5 Rd4 24. Rf1 Nh5 25. Qxg4 Nxf4 26. Rxf4 Qxe5 27. Ne2 Rd1+ 28. Kg2 R1d2 29. Re4 Qxb2 30. Qf3 Qf6 31. Bc4 Rxc2 32. Bd3 Qg5+ 33. Rg4 Rxe2+ 34. Qxe2 Qf6 35. Rf4 Qg5+ 36. Rg4 Qf6 37. Rg3 Qd6 38. Rf3 Qc7 39. Qe3 Qa5 40. f6 g6 41. Qxh6 1-0


[Site "https://www.chess.com"]

[Event "Titled Tuesday Blitz October 11 Late 2022"]
[White "Shaik Sumer Arsh"]
[Black "Krstic, Milos"]
[WhiteFideId "45020000"]
[BlackFideId "954888"]
[WhiteElo "2190"]
[BlackElo "2194"]
[Result "0-1"]
[Round "08"]
[TimeControl "180+1"]
[Date "2022.10.12"]
[WhiteClock "0:00:21"]
[BlackClock "0:01:29"]

1. Nf3 Nf6 2. g3 d5 3. Bg2 g6 4. O-O Bg7 5. d4 O-O 6. c4 c6 7. cxd5 cxd5 8. Ne5 Nc6 9. Nc3 e6 10. Bf4 Bd7 11. Rc1 Nxe5 12. Bxe5 Bc6 13. b4 a6 14. a4 Ne8 15. b5 Bd7 16. Bxg7 Kxg7 17. e4 dxe4 18. Bxe4 axb5 19. axb5 Nd6 20. Bd3 Ra3 21. Nb1 Ra5 22. Nd2 Bxb5 23. Nb3 Ra3 24. Bxb5 Nxb5 25. Ra1 Rxa1 26. Qxa1 Qd5 27. Nc5 b6 28. Rb1 bxc5 29. Rxb5 Qxd4 30. Qc1 Rc8 31. Rb7 c4 32. Qe1 Qf6 33. h4 c3 34. Qc1 c2 35. Rb2 Qc3 36. Ra2 Qd3 37. Kh2 Qd1 38. Ra1 Qxc1 39. Rxc1 Kf6 40. Kg2 Ke5 41. Kf3 Kd4 42. Ke2 Kc3 0-1


[Site "https://www.chess.com"]

[Event "Titled Tuesday Blitz October 11 Late 2022"]
[White "Sibilio, Mario"]
[Black "Przybylski, Wojciech"]
[WhiteFideId "800422"]
[BlackFideId "1117599"]
[WhiteElo "2296"]
[BlackElo "2221"]
[Result "0-1"]
[Round "08"]
[TimeControl "180+1"]
[Date "2022.10.12"]
[WhiteClock "0:00:46"]
[BlackClock "0:00:13"]

1. e4 e5 2. Nf3 Nc6 3. Bb5 Nf6 4. d3 Bc5 5. O-O O-O 6. c3 Re8 7. d4 Bd6 8. Bxc6 bxc6 9. dxe5 Bxe5 10. Nxe5 Rxe5 11. f3 d6 12. Bf4 Rb5 13. Rf2 Rab8 14. b3 h6 15. c4 Rh5 16. Nc3 Be6 17. Qd2 Nd7 18. g4 Ra5 19. Be3 c5 20. h3 Rxb3 21. axb3 Rxa1+ 22. Kg2 Ne5 23. f4 Bxg4 24. hxg4 Qh4 25. Ne2 Rh1 0-1


[Site "https://www.chess.com"]

[Event "Titled Tuesday Blitz October 11 Late 2022"]
[White "Skatchkov, Valery"]
[Black "Quesada Perez, Yuniesky"]
[WhiteFideId "24195812"]
[BlackFideId "3504409"]
[WhiteElo "2199"]
[BlackElo "2599"]
[Result "0-1"]
[Round "08"]
[TimeControl "180+1"]
[Date "2022.10.11"]
[WhiteClock "0:00:48"]
[BlackClock "0:01:54"]

1. d4 d5 2. c4 dxc4 3. e3 Nf6 4. Bxc4 e6 5. Nf3 a6 6. O-O c5 7. Nc3 b5 8. Bb3 Bb7 9. Qe2 Nc6 10. Rd1 Qc7 11. d5 exd5 12. Nxd5 Nxd5 13. Bxd5 Be7 14. e4 O-O 15. Be3 Nb4 16. Rac1 Nxd5 17. exd5 c4 18. b3 Rac8 19. bxc4 bxc4 20. Rd3 0-1


[Site "https://www.chess.com"]

[Event "Titled Tuesday Blitz October 11 Late 2022"]
[White "Souleidis, Georgios"]
[Black "Melikhov, Evgeny V."]
[WhiteFideId "4206827"]
[BlackFideId "4122046"]
[WhiteElo "2401"]
[BlackElo "2169"]
[Result "1-0"]
[Round "08"]
[TimeControl "180+1"]
[Date "2022.10.12"]
[WhiteClock "0:00:04"]
[BlackClock "0:00:09"]

1. e4 e5 2. Nc3 Nf6 3. d4 exd4 4. Qxd4 Nc6 5. Qd3 d5 6. Bf4 dxe4 7. Qxd8+ Nxd8 8. Bxc7 Bg4 9. Be2 Bxe2 10. Ngxe2 Bb4 11. O-O-O O-O 12. a3 Bxc3 13. Nxc3 Re8 14. Rhe1 Nc6 15. Re2 Re6 16. h3 a6 17. g4 h6 18. Bg3 Rae8 19. Nd5 Nxd5 20. Rxd5 g6 21. c4 Kg7 22. Kc2 f5 23. gxf5 gxf5 24. Kc3 Ne5 25. Bxe5+ Rxe5 26. Rd7+ R8e7 27. Rxe7+ Rxe7 28. b4 Kf6 29. c5 Ke5 30. a4 f4 31. Kc4 Rd7 32. b5 Rd4+ 33. Kb3 axb5 34. axb5 Kd5 35. Rc2 Rd3+ 36. Kb4 Rd4+ 37. Ka5 Rc4 38. Rxc4 Kxc4 39. c6 bxc6 40. bxc6 Kd3 41. c7 Ke2 42. c8=Q Kxf2 43. Qg4 Ke3 44. Kb4 f3 45. Kc3 f2 46. Qg2 Ke2 47. Qxe4+ Kd1 48. Qf3+ Ke1 49. Qe3+ Kf1 50. Kd3 h5 51. Qg3 h4 52. Qxh4 Kg2 53. Qxf2+ Kxh3 54. Qg1 Kh4 55. Ke4 1-0


[Site "https://www.chess.com"]

[Event "Titled Tuesday Blitz October 11 Late 2022"]
[White "Sowul, Bartosz"]
[Black "Janaszak, Dawid"]
[WhiteFideId "1137590"]
[BlackFideId "1119206"]
[WhiteElo "2444"]
[BlackElo "2619"]
[Result "0-1"]
[Round "08"]
[TimeControl "180+1"]
[Date "2022.10.12"]
[WhiteClock "0:00:02"]
[BlackClock "0:00:11"]

1. e4 c5 2. Nc3 Nc6 3. Bb5 Nd4 4. Nf3 e6 5. O-O a6 6. Bd3 Nc6 7. a3 g5 8. b4 g4 9. Ne1 h5 10. Bb2 cxb4 11. axb4 Bg7 12. b5 Ne5 13. Be2 Ne7 14. d4 N5g6 15. e5 d5 16. exd6 Qxd6 17. Ne4 Qd5 18. Bd3 O-O 19. c4 Qd8 20. Bc2 Nf5 21. Ra3 Nxd4 22. Rd3 e5 23. bxa6 Rxa6 24. c5 Bf5 25. f3 Qe7 26. Nd6 Bxd3 27. Bxd3 Nf4 28. Bxa6 bxa6 29. fxg4 Nde2+ 30. Kh1 Qh4 31. Nf5 Qxg4 32. Nxg7 Ng3+ 0-1


[Site "https://www.chess.com"]

[Event "Titled Tuesday Blitz October 11 Late 2022"]
[White "Stanisz, Patryk"]
[Black "Hemam, Moulaye Brahim"]
[WhiteFideId "1123106"]
[BlackFideId "19600054"]
[WhiteElo "2069"]
[BlackElo "2088"]
[Result "0-1"]
[Round "08"]
[TimeControl "180+1"]
[Date "2022.10.12"]
[WhiteClock "0:00:59"]
[BlackClock "0:01:25"]

1. c4 Nf6 2. Nc3 e6 3. d4 d5 4. Nf3 Be7 5. Bf4 O-O 6. e3 Ne4 7. Nxe4 dxe4 8. Nd2 f5 9. Be2 c5 10. dxc5 Bxc5 11. a3 a5 12. Nb3 Be7 13. O-O Nc6 14. Qc2 e5 15. Rfd1 Qc7 16. Bg3 f4 17. Qxe4 fxg3 18. hxg3 Kh8 19. g4 Be6 20. Bd3 g6 21. Rac1 Rad8 22. f4 Bxg4 23. Rf1 Bf5 24. fxe5 Bxe4 25. Bxe4 Qxe5 26. Bd5 Qxe3+ 27. Kh1 Qxb3 0-1


[Site "https://www.chess.com"]

[Event "Titled Tuesday Blitz October 11 Late 2022"]
[White "Storey, Charles H"]
[Black "Czernek, Tymon"]
[WhiteFideId "406686"]
[BlackFideId "1199510"]
[WhiteElo "2252"]
[BlackElo "2240"]
[Result "1-0"]
[Round "08"]
[TimeControl "180+1"]
[Date "2022.10.12"]
[WhiteClock "0:00:29"]
[BlackClock "0:00:12"]

1. e4 c5 2. Nf3 d6 3. d4 cxd4 4. Nxd4 Nf6 5. f3 a6 6. c4 h5 7. Nc3 g6 8. Be3 Bg7 9. Qd2 Nbd7 10. Be2 O-O 11. O-O Qc7 12. Rfc1 b6 13. Nd5 Nxd5 14. cxd5 Qd8 15. Nc6 Qe8 16. Rab1 Bb7 17. b4 e6 18. dxe6 Qxe6 19. Bc4 Qf6 20. Bg5 Bh6 21. Bxh6 Bxc6 22. Bxf8 Rxf8 23. Bxa6 Ba8 24. Be2 Ne5 25. Rd1 Rd8 26. a4 d5 27. f4 Nc6 28. e5 Qe6 29. b5 Ne7 30. Bf3 Nf5 31. a5 d4 32. Bxa8 Rxa8 33. a6 Qd5 34. Qd3 h4 35. h3 Rd8 36. Ra1 Qa8 37. Qf3 Qxf3 38. gxf3 Kf8 39. a7 Ra8 40. Rdc1 Ne3 41. Rc6 Nd5 42. Rd6 Nxf4 43. Rxb6 Nd3 44. Rb8+ 1-0


[Site "https://www.chess.com"]

[Event "Titled Tuesday Blitz October 11 Late 2022"]
[White "Suder, Jakub"]
[Black "Timmermans, Mark"]
[WhiteFideId "1195310"]
[BlackFideId "1026399"]
[WhiteElo "2174"]
[BlackElo "2460"]
[Result "0-1"]
[Round "08"]
[TimeControl "180+1"]
[Date "2022.10.11"]
[WhiteClock "0:00:02"]
[BlackClock "0:00:16"]

1. d4 Nf6 2. c4 c5 3. d5 b5 4. Nf3 bxc4 5. Nc3 e6 6. e4 d6 7. Bxc4 e5 8. O-O Be7 9. Bb5+ Bd7 10. Bxd7+ Nbxd7 11. Nd2 Nb6 12. a4 a5 13. Qe2 O-O 14. Nc4 Nxc4 15. Qxc4 Ne8 16. Nb5 f5 17. f3 Bg5 18. Bxg5 Qxg5 19. Qc1 f4 20. Kh1 Rf7 21. Rg1 Qd8 22. Qd2 Nc7 23. Na3 Na6 24. Nc4 Nb4 25. g4 fxg3 26. Rxg3 Rf6 27. Rag1 Ra7 28. Qg5 Nc2 29. Nxa5 Nd4 30. Nc6 Nxc6 31. dxc6 Kh8 32. a5 Qc8 33. Rd1 h6 34. Qc1 Qxc6 35. b4 Qb5 36. bxc5 Qxc5 37. Qxc5 dxc5 38. Rd8+ Kh7 39. Rd5 Rxa5 40. Rxe5 Rf7 41. Kg2 Ra2+ 42. Kh3 Rc2 43. Rd5 c4 44. e5 Rf5 45. Rd7 Rh5+ 46. Kg4 Rxe5 47. Kf4 Rg5 0-1


[Site "https://www.chess.com"]

[Event "Titled Tuesday Blitz October 11 Late 2022"]
[White "Sztokbant, Bernardo Vainzoff"]
[Black "Zhukov, Maksim"]
[WhiteFideId "2115956"]
[BlackFideId "34181790"]
[WhiteElo "2171"]
[BlackElo "1929"]
[Result "1-0"]
[Round "08"]
[TimeControl "180+1"]
[Date "2022.10.12"]
[WhiteClock "0:00:03"]
[BlackClock "0:00:44"]

1. d4 Nf6 2. c4 g6 3. Nf3 Bg7 4. Nc3 O-O 5. g3 d6 6. Bg2 Nc6 7. O-O e5 8. dxe5 Nxe5 9. Nxe5 dxe5 10. Qxd8 Rxd8 11. Bg5 Re8 12. Rad1 c6 13. Rd6 Be6 14. b3 h6 15. Bc1 Bf8 16. Rdd1 Kg7 17. Bb2 Bf5 18. Rd2 Rad8 19. Rfd1 Rxd2 20. Rxd2 Bc5 21. e3 h5 22. h3 Bb4 23. a3 Bf8 24. Ne2 Nd7 25. b4 a5 26. b5 cxb5 27. cxb5 Nc5 28. Bc3 f6 29. Bxa5 Nb3 30. Rd8 Rxd8 31. Bxd8 Bxa3 32. Bxb7 Bd3 33. Nc3 Bb2 34. Nd5 e4 35. b6 Na5 36. Bc8 Bc4 37. b7 Nc6 38. Bd7 Nb8 39. Be6 Be5 40. f4 exf3 41. Kf2 Kf8 42. Kxf3 Ke8 43. Bxf6 Bxf6 44. Nxf6+ Ke7 45. Bxc4 Kxf6 46. h4 g5 47. Ke4 gxh4 48. gxh4 Ke7 49. Be2 Kd6 50. Bxh5 Kc7 51. Be8 Kxb7 52. Bb5 Kc7 53. Kd4 Kd6 54. Kc4 Ke5 55. h5 Kf6 56. Kc5 Kg5 57. Be8 Na6+ 58. Kc4 Nc7 59. Bg6 Ne6 60. Kd5 Ng7 61. Ke5 Kh6 62. Kf6 Nf5 63. Kxf5 1-0


[Site "https://www.chess.com"]

[Event "Titled Tuesday Blitz October 11 Late 2022"]
[White "Tanenbaum, Zachary"]
[Black "Tari, Aryan"]
[WhiteFideId "2060850"]
[BlackFideId "1510045"]
[WhiteElo "2175"]
[BlackElo "2612"]
[Result "0-1"]
[Round "08"]
[TimeControl "180+1"]
[Date "2022.10.11"]
[WhiteClock "0:00:07"]
[BlackClock "0:00:07"]

1. e4 c6 2. d4 d5 3. exd5 cxd5 4. Bd3 Nc6 5. c3 Nf6 6. Bf4 Bg4 7. Qb3 Qc8 8. Nd2 e6 9. Ngf3 Be7 10. O-O O-O 11. Qc2 Bh5 12. Ne5 Bg6 13. Nxg6 hxg6 14. Nf3 Nh5 15. Be3 Qc7 16. Qd2 Bd6 17. g3 Rae8 18. Rae1 f5 19. Bg5 Nf6 20. Nh4 Ne4 21. Bxe4 fxe4 22. Nxg6 Rf3 23. Bf4 Qf7 24. Ne5 Bxe5 25. Bxe5 Rd3 26. Qg5 Rf3 27. Re3 Rf5 28. Qg4 Rf8 29. f4 exf3 30. Bf4 e5 31. dxe5 d4 32. e6 Qe7 33. cxd4 Nxd4 34. Be5 Ne2+ 35. Kh1 Rg5 36. Qe4 Qxe6 37. Rexf3 Rxf3 38. Rxf3 Rxe5 39. Qd3 Qd5 40. Qxd5+ Rxd5 41. Re3 Rd2 42. Re8+ Kh7 43. Ra8 a6 44. b4 Rxa2 45. Rb8 b5 46. Re8 Nd4 47. Re4 Nc6 48. Rh4+ Kg8 49. g4 Nxb4 50. g5 Nd5 51. g6 Ne7 52. Rg4 a5 53. h4 Ra4 54. Rg3 Rxh4+ 0-1


[Site "https://www.chess.com"]

[Event "Titled Tuesday Blitz October 11 Late 2022"]
[White "Thomforde-Toates, Noah"]
[Black "Kouskoutis, Georgios-Alexandros"]
[WhiteFideId "30951992"]
[BlackFideId "4234049"]
[WhiteElo "2690"]
[BlackElo "2187"]
[Result "1-0"]
[Round "08"]
[TimeControl "180+1"]
[Date "2022.10.11"]
[WhiteClock "0:00:20"]
[BlackClock "0:00:01"]

1. c4 c5 2. Nc3 Nc6 3. g3 g6 4. Bg2 Bg7 5. Nf3 d6 6. O-O e5 7. d3 Nge7 8. a3 O-O 9. Rb1 a5 10. Nd2 Rb8 11. Nd5 b5 12. cxb5 Rxb5 13. Nc4 Nxd5 14. Bxd5 Ne7 15. Bg2 d5 16. a4 Rb8 17. Ne3 Be6 18. Bd2 f5 19. Qc2 Qd6 20. Rfc1 Rfc8 21. Bxa5 f4 22. Nd1 Nf5 23. Bc3 d4 24. Be1 Bb3 25. Qd2 Bh6 26. Qa5 Ra8 27. Qb5 Bxa4 28. Qc4+ Kg7 29. Bxa8 Rxa8 30. g4 f3 31. e3 dxe3 32. gxf5 e2 33. Ne3 Qd4 34. Qxd4 exd4 35. f6+ Kf7 36. Bd2 dxe3 37. Bxe3 Bxe3 38. fxe3 Bd1 39. Kf2 Kxf6 40. Rxc5 g5 41. Rcc1 g4 42. Rc6+ Kg5 43. Rbc1 1-0


[Site "https://www.chess.com"]

[Event "Titled Tuesday Blitz October 11 Late 2022"]
[White "Torres Boch, Jose Francisco"]
[Black "Tan, Ralph"]
[WhiteFideId "2278383"]
[BlackFideId "30966590"]
[WhiteElo "2073"]
[BlackElo "2059"]
[Result "1/2-1/2"]
[Round "08"]
[TimeControl "180+1"]
[Date "2022.10.12"]
[WhiteClock "0:01:24"]
[BlackClock "0:01:31"]

1. e4 e6 2. d4 d5 3. Nc3 Nf6 4. e5 Nfd7 5. f4 c5 6. Nf3 Nc6 7. Be3 a6 8. Qd2 cxd4 9. Nxd4 Bc5 10. O-O-O Nxd4 11. Bxd4 b5 12. Qf2 Bxd4 13. Qxd4 O-O 14. f5 Qc7 15. fxe6 fxe6 16. Nxd5 Qxe5 17. Ne7+ Kh8 18. Nxc8 Raxc8 19. Qxd7 Qg5+ 20. Qd2 Rf2 21. Qxg5 Rcxc2+ 22. Kb1 Rxb2+ 23. Ka1 Rxa2+ 24. Kb1 Rfb2+ 25. Kc1 Rc2+ 26. Kb1 Rab2+ 27. Ka1 Ra2+ 28. Kb1 Rab2+ 29. Ka1 Ra2+ 30. Kb1 1/2-1/2


[Site "https://www.chess.com"]

[Event "Titled Tuesday Blitz October 11 Late 2022"]
[White "Vargas, Mauricio"]
[Black "Owen, Michael"]
[WhiteFideId "4404572"]
[BlackFideId "7104820"]
[WhiteElo "2025"]
[BlackElo "1943"]
[Result "0-1"]
[Round "08"]
[TimeControl "180+1"]
[Date "2022.10.12"]
[WhiteClock "0:00:03"]
[BlackClock "0:00:12"]

1. e4 c5 2. Nc3 d6 3. f4 Nc6 4. Nf3 g6 5. Bb5 Bd7 6. Bxc6 Bxc6 7. O-O Bg7 8. d3 e6 9. Qe1 Ne7 10. Bd2 O-O 11. Qh4 d5 12. f5 exf5 13. Bh6 dxe4 14. Ng5 Qd4+ 15. Kh1 exd3 16. Rf4 Qf6 17. cxd3 Rfd8 18. Nce4 Bxe4 19. dxe4 Rd4 20. e5 Qxe5 21. Bxg7 Qxg7 22. Rxd4 cxd4 23. Rd1 Nc6 24. b4 a6 25. a4 b5 26. Re1 h6 27. Nf3 Rd8 28. Rc1 Rd6 29. axb5 axb5 30. Rc5 d3 31. h3 d2 32. Nxd2 Rxd2 33. Rxc6 Rd1+ 34. Kh2 Qe5+ 35. Qg3 Qxg3+ 36. Kxg3 Rd4 0-1


[Site "https://www.chess.com"]

[Event "Titled Tuesday Blitz October 11 Late 2022"]
[White "Vivas Zamora, Fabian Ernesto"]
[Black "Alexikov, Alexander"]
[WhiteFideId "3902480"]
[BlackFideId "14103958"]
[WhiteElo "2236"]
[BlackElo "2222"]
[Result "0-1"]
[Round "08"]
[TimeControl "180+1"]
[Date "2022.10.12"]
[WhiteClock "0:00:01"]
[BlackClock "0:00:12"]

1. e4 c5 2. Nf3 d6 3. d4 cxd4 4. Nxd4 Nf6 5. Nc3 a6 6. h3 e5 7. Nb3 Be6 8. Be3 h5 9. Qf3 Nbd7 10. Nd5 Bxd5 11. exd5 g6 12. Be2 Bg7 13. g4 Rc8 14. O-O-O Qc7 15. Bd3 Nb6 16. Kb1 Nfxd5 17. Bxb6 Nxb6 18. gxh5 Rxh5 19. Rhg1 Rh6 20. Be4 d5 21. Bxd5 Qxc2+ 22. Ka1 Nxd5 23. Qxd5 Qc6 24. Qd2 Rh4 25. Rc1 Rc4 26. Rxc4 Qxc4 27. h4 Qxh4 28. Qd5 Qe7 0-1


[Site "https://www.chess.com"]

[Event "Titled Tuesday Blitz October 11 Late 2022"]
[White "Vrbljanac, Aleksandar"]
[Black "Maksimovic, Bojan"]
[WhiteFideId "932817"]
[BlackFideId "14408120"]
[WhiteElo "2309"]
[BlackElo "2447"]
[Result "0-1"]
[Round "08"]
[TimeControl "180+1"]
[Date "2022.10.11"]
[WhiteClock "0:00:01"]
[BlackClock "0:00:01"]

1. e4 c5 2. Nf3 e6 3. g3 d5 4. exd5 exd5 5. d4 Nc6 6. Bg2 cxd4 7. Nxd4 Bc5 8. Nxc6 bxc6 9. O-O Nf6 10. Re1+ Be6 11. c4 O-O 12. cxd5 cxd5 13. Nc3 Rc8 14. Bg5 h6 15. Bf4 Ng4 16. Re2 Nf6 17. Qd3 Qa5 18. Be5 Nd7 19. Bd4 Bxd4 20. Qxd4 Rc4 21. Qd2 Rfc8 22. Rd1 d4 23. Ne4 Qxd2 24. Rexd2 Rc2 25. h4 Ne5 26. Nd6 Rxd2 27. Rxd2 Rc1+ 28. Kh2 Ng4+ 29. Kh3 Nxf2+ 30. Kh2 Ng4+ 31. Kh3 Ne3+ 32. Kh2 Ng4+ 33. Kh3 h5 34. Rxd4 Ne3+ 35. Kh2 Rc2 36. Re4 Nxg2 37. Kg1 Bd5 38. Re8+ Kh7 39. Nf5 Rc1+ 40. Kh2 Ne3 41. Nd4 Rh1# 0-1


[Site "https://www.chess.com"]

[Event "Titled Tuesday Blitz October 11 Late 2022"]
[White "Vujcic, Milena"]
[Black "Buchenau, Frank"]
[WhiteFideId "954748"]
[BlackFideId "4604350"]
[WhiteElo "1931"]
[BlackElo "2157"]
[Result "0-1"]
[Round "08"]
[TimeControl "180+1"]
[Date "2022.10.12"]
[WhiteClock "0:02:28"]
[BlackClock "0:02:53"]

1. e4 e6 2. d4 d5 3. Nd2 c5 4. Ngf3 cxd4 5. Nxd4 Nc6 6. Bb5 Bd7 7. exd5 Nxd4 8. Bxd7+ Qxd7 9. dxe6 Qxe6+ 10. Qe2 Qxe2# 0-1


[Site "https://www.chess.com"]

[Event "Titled Tuesday Blitz October 11 Late 2022"]
[White "Wadsworth, Matthew J"]
[Black "Sanal, Vahap"]
[WhiteFideId "415804"]
[BlackFideId "6300545"]
[WhiteElo "2367"]
[BlackElo "2574"]
[Result "0-1"]
[Round "08"]
[TimeControl "180+1"]
[Date "2022.10.11"]
[WhiteClock "0:00:33"]
[BlackClock "0:02:05"]

1. c4 d6 2. g3 e5 3. Nc3 Nc6 4. Bg2 f5 5. d3 Nf6 6. Rb1 g6 7. b4 Bg7 8. b5 Ne7 9. Nf3 O-O 10. O-O Kh8 11. Nd2 f4 12. a4 Bg4 13. Nde4 Qd7 14. Nxf6 Bxf6 15. Ne4 Bg7 16. Ba3 b6 17. a5 Bh3 18. Bb4 Bxg2 19. Kxg2 Nf5 20. axb6 axb6 21. Ra1 Rxa1 22. Qxa1 Nd4 23. e3 f3+ 24. Kh1 Qh3 25. Rg1 Ne2 26. Qf1 Nxg1 27. Kxg1 Qxf1+ 28. Kxf1 Ra8 29. Ng5 Ra1+ 30. Be1 d5 31. cxd5 Rd1 32. d4 exd4 33. e4 d3 34. Nxf3 Bc3 35. e5 Bxe1 36. Nxe1 d2 0-1


[Site "https://www.chess.com"]

[Event "Titled Tuesday Blitz October 11 Late 2022"]
[White "Wieczorek, Oskar"]
[Black "Zierk, Steven"]
[WhiteFideId "1133950"]
[BlackFideId "2034255"]
[WhiteElo "2404"]
[BlackElo "2494"]
[Result "0-1"]
[Round "08"]
[TimeControl "180+1"]
[Date "2022.10.11"]
[WhiteClock "0:01:32"]
[BlackClock "0:01:20"]

1. e4 c6 2. d4 d5 3. Nd2 dxe4 4. Nxe4 Bf5 5. Ng3 Bg6 6. c3 Nf6 7. Nh3 h6 8. Nf4 Bh7 9. Bc4 e6 10. Nfh5 Nbd7 11. O-O Nxh5 12. Nxh5 g6 13. Nf4 Nb6 14. Bxe6 fxe6 15. Nxe6 Qf6 16. Re1 Kd7 17. Nc5+ Kc7 18. Bf4+ Bd6 19. Re6 Qxf4 20. Re7+ Kc8 0-1


[Site "https://www.chess.com"]

[Event "Titled Tuesday Blitz October 11 Late 2022"]
[White "Winterberg, Lukas"]
[Black "Dardha, Arben"]
[WhiteFideId "24622702"]
[BlackFideId "4700481"]
[WhiteElo "2349"]
[BlackElo "2196"]
[Result "1/2-1/2"]
[Round "08"]
[TimeControl "180+1"]
[Date "2022.10.12"]
[WhiteClock "0:00:06"]
[BlackClock "0:01:06"]

1. c4 c5 2. Nf3 Nc6 3. Nc3 e5 4. e3 d6 5. d4 exd4 6. exd4 Nf6 7. Be2 Be7 8. O-O O-O 9. b3 Bg4 10. d5 Bxf3 11. Bxf3 Nd4 12. Bb2 Nd7 13. Be2 Bf6 14. Bd3 Ne5 15. Rb1 Qd7 16. Ne2 Ndf3+ 17. Kh1 Nxd3 18. Qxd3 Bxb2 19. Rxb2 Ne5 20. Qg3 Rae8 21. Nf4 Qf5 22. Re2 Ng6 23. Rxe8 Rxe8 24. Nxg6 Qxg6 25. Qxg6 hxg6 26. Kg1 Re2 27. Ra1 f5 28. Kf1 Rb2 29. Re1 Kf7 30. Re6 Rxa2 31. Rxd6 b5 32. Rc6 b4 33. Rxc5 Rb2 34. Ra5 Rxb3 35. Rxa7+ Ke8 36. c5 Rc3 37. c6 b3 38. Rb7 Rc5 39. Rxb3 Rxd5 40. Rb7 Rc5 41. c7 Kd7 42. c8=Q+ Kxc8 43. Rxg7 Rc6 44. Ke2 Kd8 45. Kf3 Ke8 46. Kf4 Kf8 47. Rd7 Rc2 48. Kg3 Rc4 49. f4 Kg8 50. Kh3 Rxf4 51. g3 Ra4 52. Rc7 Kf8 53. Rd7 Ra2 54. Rc7 Re2 55. Rb7 Re7 56. Rxe7 Kxe7 57. Kh4 Kf6 58. Kh3 g5 59. Kg2 Ke5 60. Kf3 Kd4 61. h4 gxh4 62. gxh4 Ke5 63. h5 Kf6 64. Kf4 Kg7 65. h6+ Kxh6 66. Kxf5 1/2-1/2


[Site "https://www.chess.com"]

[Event "Titled Tuesday Blitz October 11 Late 2022"]
[White "Zochowski, Kacper"]
[Black "Barria Zuniga, Daniel"]
[WhiteFideId "1125494"]
[BlackFideId "3400816"]
[WhiteElo "2520"]
[BlackElo "2666"]
[Result "0-1"]
[Round "08"]
[TimeControl "180+1"]
[Date "2022.10.12"]
[WhiteClock "0:01:50"]
[BlackClock "0:01:40"]

1. Nf3 g6 2. c4 Bg7 3. g3 e5 4. Nc3 Ne7 5. Bg2 O-O 6. O-O c6 7. d4 d6 8. Bg5 f6 9. Bd2 Be6 10. b3 Nd7 11. Qc1 Kh8 12. Bh6 Qa5 13. Bxg7+ Kxg7 14. Ne4 Nf5 15. dxe5 dxe5 16. e3 Nc5 17. Nxc5 Qxc5 18. Rd1 Rad8 19. Qc3 a5 20. Nd2 Qb4 21. Qb2 Rd7 22. a3 Qe7 23. Ne4 Rfd8 24. Rxd7 Rxd7 25. b4 axb4 26. axb4 Bxc4 27. Nc5 Rd6 28. Ra7 Rd1+ 0-1


[Site "https://www.chess.com"]

[Event "Titled Tuesday Blitz October 11 Late 2022"]
[White "miragha_yev"]
[Black "Bjelobrk, Igor"]
[BlackFideId "4300726"]
[WhiteElo "2753"]
[BlackElo "2335"]
[Result "1-0"]
[Round "08"]
[TimeControl "180+1"]
[Date "2022.10.11"]
[WhiteClock "0:01:21"]
[BlackClock "0:00:14"]

1. e4 e5 2. Nf3 Nc6 3. a3 Nf6 4. Nc3 d5 5. Bb5 Nxe4 6. Qe2 Qd6 7. Nxe4 dxe4 8. Qxe4 Bd7 9. d4 O-O-O 10. dxe5 Nxe5 11. Bxd7+ Nxd7 12. O-O Nf6 13. Qa4 Kb8 14. Be3 a6 15. c4 Qd7 16. Rfd1 Bd6 17. Qb3 Qe7 18. Nd4 Ka8 19. Nf5 Qe5 20. Nxd6 Rxd6 21. Rxd6 Qxd6 22. Rd1 Qe6 23. h3 Re8 24. Qc3 g6 25. b3 Ne4 26. Qd4 c5 27. Qd7 h5 28. Qxe6 Rxe6 29. Rd8+ Ka7 30. f3 Nc3 31. Bxc5+ b6 32. Rd7+ Kb8 33. Bb4 Ne2+ 34. Kf2 f5 35. Rd6 Rxd6 36. Bxd6+ 1-0


[Site "https://www.chess.com"]